[Event "2nd Irena Warakomska Memorial-A"]
[Site "Suwalki"]
[Date "2018.08.05"]
[Round "6"]
[White "Kokoszczynski, Jan"]
[Black "Schippers, Maurice"]
[Result "1-0"]
[ECO "B01"]
[WhiteElo "2187"]
[BlackElo "2303"]
[Annotator "NA"]
[PlyCount "147"]
[EventDate "2018.08.01"]
[EventType "swiss"]
[EventCountry "POL"]
[SourceTitle "playchess.com"]
[Source "ChessBase"]
[SourceQuality "1"]
[TimeControl "40/5400+30:1800+30"]

1. e4 d5 2. exd5 Qxd5 3. Nc3 Qd6 4. d4 Nf6 5. Nf3 c6 6. g3 Bf5 7. Bg2 g6 8. O-O Bg7 9. Re1 O-O 10. a3 Qd8 11. Bf4 Nbd7 12. Qd2 Nb6 13. Rad1 Re8 14. h3 Nbd5 15. Nxd5 Nxd5 16. Bg5 f6 17. g4 Bxc2 18. Qxc2 fxg5 19. Qb3 Qb6 20. Qxb6 axb6 21. Nxg5 Nf4 22. Re4 Nxg2 23. Kxg2 Ra5 24. Ne6 Bf6 25. f4 h6 26. Rd2 Kf7 27. Kg3 g5 28. f5 Rc8 29. Kf3 Rd5 30. Ree2 Rh8 31. Ke4 Rd7 32. Rc2 Ra8 33. Rc4 Ra5 34. Rd2 Rdd5 35. Rd3 Rd6 36. b4 Ra4 37. Nc7 Rd7 38. Ne6 c5 39. dxc5 Rxd3 40. Kxd3 Rxa3+ 41. Ke4 b5 42. c6 bxc6 43. Rxc6 Ke8 44. Rb6 Rxh3 45. Rxb5 Kd7 46. Rb8 Rh1 47. b5 Re1+ 48. Kf3 Kd6 49. Rd8+ Ke5 50. Nc5 Rf1+ 51. Ke3 Re1+ 52. Kf3 Rf1+ 53. Ke2 Rb1 54. b6 Kf4 55. b7 Be5 56. Nd3+ Ke4 57. Nxe5 Rxb7 58. Nf3 Rb4 59. Rd7 Kf4 60. Rxe7 Kxg4 61. f6 Rb2+ 62. Nd2 Rb8 63. f7 Rf8 64. Ne4 Kh5 65. Nd6 Kg6 66. Re8 Kg7 67. Kf3 h5 68. Kg3 h4+ 69. Kg4 h3 70. Kxh3 g4+ 71. Kxg4 Rh8 72. Rxh8 Kg6 73. Rg8+ Kh7 74. Kf4 1-0

[Event "2nd Irena Warakomska Memorial-A"]
[Site "Suwalki"]
[Date "2018.08.05"]
[Round "6"]
[White "Dzhuguryan, Tygran"]
[Black "Tihonov, Jurij"]
[Result "1/2-1/2"]
[ECO "A41"]
[WhiteElo "2178"]
[BlackElo "2385"]
[Annotator "NA"]
[PlyCount "94"]
[EventDate "2018.08.01"]
[EventType "swiss"]
[EventCountry "POL"]
[SourceTitle "playchess.com"]
[Source "ChessBase"]
[SourceQuality "1"]
[TimeControl "40/5400+30:1800+30"]

1. d4 d6 2. e4 Nf6 3. Bd3 e5 4. Nf3 exd4 5. Nxd4 g6 6. O-O Bg7 7. c3 O-O 8. Bg5 h6 9. Bh4 Re8 10. Re1 c5 11. Nf3 Nc6 12. Nbd2 Be6 13. h3 Qb6 14. Bxf6 Bxf6 15. Qc2 Na5 16. Re3 Bg7 17. Rae1 Rac8 18. Qb1 Qd8 19. Bb5 Re7 20. Bf1 a6 21. h4 Re8 22. g3 b5 23. Rd1 Nc6 24. a4 Qb6 25. axb5 axb5 26. Kh2 Bg4 27. Rde1 h5 28. Ng5 Bh6 29. f4 c4 30. Bg2 d5 31. e5 Bxg5 32. fxg5 Bf5 33. Qc1 d4 34. cxd4 Nxd4 35. Be4 Red8 36. Bxf5 Nxf5 37. R3e2 Nd4 38. Rg2 b4 39. Qb1 Qe6 40. Qe4 c3 41. bxc3 bxc3 42. Nf3 Nxf3+ 43. Qxf3 Qf5 44. e6 fxe6 45. Re5 Qd3 46. Re3 Qc4 47. Rc2 Qd5 1/2-1/2

[Event "2nd Irena Warakomska Memorial-A"]
[Site "Suwalki"]
[Date "2018.08.05"]
[Round "6"]
[White "Zgadzaj, Rafal"]
[Black "Sowul, Bartosz"]
[Result "1/2-1/2"]
[ECO "A37"]
[WhiteElo "2154"]
[BlackElo "2257"]
[Annotator "NA"]
[PlyCount "84"]
[EventDate "2018.08.01"]
[EventType "swiss"]
[EventCountry "POL"]
[SourceTitle "playchess.com"]
[Source "ChessBase"]
[SourceQuality "1"]
[TimeControl "40/5400+30:1800+30"]

1. c4 g6 2. g3 Bg7 3. Bg2 c5 4. Nc3 Nc6 5. Nf3 e5 6. O-O Nge7 7. Ne1 d6 8. Nc2 Be6 9. Ne3 Qd7 10. Ned5 h6 11. a3 O-O 12. b4 cxb4 13. axb4 Bxd5 14. cxd5 Nxb4 15. Qa4 Qxa4 16. Rxa4 Na6 17. Ba3 Nc8 18. Nb5 Rd8 19. Rc1 Nb6 20. Ra5 Bf8 21. Bh3 Nc5 22. Rxa7 Rxa7 23. Nxa7 Nxd5 24. Bg2 Nb6 25. Nb5 Nbd7 26. e3 e4 27. Nc3 f5 28. f3 Nd3 29. Rb1 Ra8 30. Bb4 Nxb4 31. Rxb4 Ra1+ 32. Nb1 Nc5 33. fxe4 fxe4 34. Bf1 Ra4 35. Rxa4 Nxa4 36. Bc4+ Kg7 37. Bd5 Nc5 38. Nc3 Kf6 39. Nxe4+ Nxe4 40. Bxe4 b5 41. Kf2 b4 42. Bc2 Be7 1/2-1/2

[Event "2nd Irena Warakomska Memorial-A"]
[Site "Suwalki"]
[Date "2018.08.05"]
[Round "6"]
[White "Paprocki, Jaroslaw"]
[Black "Tarun, V Kanth"]
[Result "1/2-1/2"]
[ECO "C18"]
[WhiteElo "2143"]
[BlackElo "2102"]
[Annotator "NA"]
[PlyCount "52"]
[EventDate "2018.08.01"]
[EventType "swiss"]
[EventCountry "POL"]
[SourceTitle "playchess.com"]
[Source "ChessBase"]
[SourceQuality "1"]
[TimeControl "40/5400+30:1800+30"]

1. e4 e6 2. d4 d5 3. Nc3 Bb4 4. e5 c5 5. a3 Bxc3+ 6. bxc3 Qc7 7. Qg4 f5 8. Qg3 cxd4 9. cxd4 Ne7 10. Bd2 O-O 11. Ne2 b6 12. h4 Kh8 13. Bb4 Rf7 14. h5 Qd7 15. Nf4 Nec6 16. c3 Ba6 17. Rc1 Bxf1 18. Kxf1 Na6 19. Qd3 Nc7 20. Nh3 a5 21. Bd6 Ne8 22. Ng5 Nxd6 23. exd6 Rf6 24. c4 Qxd6 25. h6 g6 26. c5 Qf4 1/2-1/2

[Event "2nd Irena Warakomska Memorial-A"]
[Site "Suwalki"]
[Date "2018.08.05"]
[Round "6"]
[White "Jankowiak, Tomasz"]
[Black "Lewtak, Dominik"]
[Result "1-0"]
[ECO "C78"]
[WhiteElo "2117"]
[BlackElo "2164"]
[Annotator "NA"]
[PlyCount "83"]
[EventDate "2018.08.01"]
[EventType "swiss"]
[EventCountry "POL"]
[SourceTitle "playchess.com"]
[Source "ChessBase"]
[SourceQuality "1"]
[TimeControl "40/5400+30:1800+30"]

1. e4 e5 2. Nf3 Nc6 3. Bb5 a6 4. Ba4 Nf6 5. O-O b5 6. Bb3 Bc5 7. Re1 d6 8. c3 O-O 9. d4 Bb6 10. Be3 Bg4 11. Nbd2 exd4 12. cxd4 Nxd4 13. h3 Nxb3 14. Nxb3 Bxe3 15. Rxe3 Bh5 16. Rc1 Re8 17. g4 Bg6 18. e5 Ne4 19. exd6 cxd6 20. Nfd2 Qf6 21. Nxe4 Bxe4 22. Qe2 Qf4 23. Re1 f5 24. gxf5 Bc6 25. Qg4 Qxg4+ 26. hxg4 Kf7 27. Nd4 Bd5 28. Ne6 Bxe6 29. Rxe6 Rxe6 30. Rxe6 Rd8 31. b4 g6 32. Kg2 gxf5 33. gxf5 d5 34. Kf3 d4 35. Ke2 Re8 36. Rxe8 Kxe8 37. Kd3 Ke7 38. Kxd4 Kf6 39. Ke4 Ke7 40. Ke5 Kf8 41. Kf6 Ke8 42. Kg7 1-0

[Event "2nd Irena Warakomska Memorial-A"]
[Site "Suwalki"]
[Date "2018.08.05"]
[Round "6"]
[White "Dmochowska, Agnieszka"]
[Black "Oglaza, Oskar"]
[Result "1/2-1/2"]
[ECO "B22"]
[WhiteElo "2096"]
[BlackElo "2364"]
[Annotator "NA"]
[PlyCount "94"]
[EventDate "2018.08.01"]
[EventType "swiss"]
[EventCountry "POL"]
[SourceTitle "playchess.com"]
[Source "ChessBase"]
[SourceQuality "1"]
[TimeControl "40/5400+30:1800+30"]

1. e4 c5 2. c3 d5 3. exd5 Qxd5 4. d4 Nc6 5. Nf3 Bf5 6. Be2 cxd4 7. cxd4 Bxb1 8. Rxb1 e6 9. a3 Nf6 10. O-O Bd6 11. Be3 O-O 12. Bd3 h6 13. Qe2 Bc7 14. Rfd1 Qd6 15. Rbc1 Nd5 16. Bb5 Nce7 17. Ne5 Ng6 18. Nf3 Rac8 19. Bd3 Nge7 20. Bd2 Nc6 21. g3 Bb6 22. Bb1 Rfd8 23. Qd3 Nf6 24. Bc3 Qd5 25. Qe3 e5 26. Nxe5 Nxd4 27. Bxd4 Rxc1 28. Qxc1 Bxd4 29. Nd3 Ng4 30. Rf1 Qh5 31. h4 Nxf2 32. Nxf2 Qf3 33. Qd2 Qxg3+ 34. Kh1 Qxh4+ 35. Kg2 Be5 36. Qe3 Qh2+ 37. Kf3 Qh5+ 38. Kg2 Qh2+ 39. Kf3 Rd4 40. Be4 f5 41. Bxb7 Qh5+ 42. Kg2 Rg4+ 43. Nxg4 Qxg4+ 44. Kh1 Qh4+ 45. Kg2 Qg4+ 46. Kh1 Qh4+ 47. Kg2 Qg4+ 1/2-1/2

[Event "2nd Irena Warakomska Memorial-A"]
[Site "Suwalki"]
[Date "2018.08.05"]
[Round "6"]
[White "Lisowski, Krzysztof"]
[Black "Ocytko, Andrzej"]
[Result "1/2-1/2"]
[ECO "C54"]
[WhiteElo "2072"]
[BlackElo "2155"]
[Annotator "NA"]
[PlyCount "111"]
[EventDate "2018.08.01"]
[EventType "swiss"]
[EventCountry "POL"]
[SourceTitle "playchess.com"]
[Source "ChessBase"]
[SourceQuality "1"]
[TimeControl "40/5400+30:1800+30"]

1. e4 e5 2. Nf3 Nc6 3. Bc4 Bc5 4. c3 Nf6 5. d4 exd4 6. e5 d5 7. Be2 Ne4 8. cxd4 Be7 9. Nc3 O-O 10. O-O Be6 11. Be3 f5 12. exf6 Bxf6 13. Rc1 a6 14. Bd3 Nxc3 15. bxc3 Qd7 16. Ne5 Nxe5 17. dxe5 Bxe5 18. Bxh7+ Kxh7 19. Qh5+ Kg8 20. Qxe5 Rae8 21. Rfd1 c6 22. Qg3 Rc8 23. Bc5 Rfe8 24. Re1 Bf5 25. h4 Qf7 26. f3 Bg6 27. Qf2 Rxe1+ 28. Rxe1 Re8 29. Rxe8+ Qxe8 30. Qg3 Kh7 31. Kh2 Qd8 32. Bd4 Qe7 33. Qf2 Qa3 34. Qg3 Qe7 35. Qf2 Qa3 36. Qe3 Qd6+ 37. Be5 Qe7 38. Qf4 Qe6 39. Qg5 Qf7 40. h5 Bxh5 41. Bxg7 Qxg7 42. Qxh5+ Qh6 43. Qxh6+ Kxh6 44. Kg3 Kg5 45. f4+ Kf5 46. Kf3 c5 47. g4+ Kf6 48. Ke3 b5 49. Kd3 a5 50. g5+ Kf5 51. Kc2 a4 52. a3 Kg6 53. Kb2 Kf5 54. Kc2 Kg6 55. Kb2 Kf5 56. Kb1 1/2-1/2

[Event "2nd Irena Warakomska Memorial-A"]
[Site "Suwalki"]
[Date "2018.08.05"]
[Round "6"]
[White "Fiedorek, Michal"]
[Black "Tomaszewski, Roman"]
[Result "1/2-1/2"]
[ECO "B03"]
[WhiteElo "1970"]
[BlackElo "2258"]
[Annotator "NA"]
[PlyCount "140"]
[EventDate "2018.08.01"]
[EventType "swiss"]
[EventCountry "POL"]
[SourceTitle "playchess.com"]
[Source "ChessBase"]
[SourceQuality "1"]
[TimeControl "40/5400+30:1800+30"]

1. e4 Nf6 2. e5 Nd5 3. d4 d6 4. c4 Nb6 5. exd6 exd6 6. Bd3 Be7 7. Ne2 O-O 8. O-O Nc6 9. Be3 Nb4 10. b3 Nxd3 11. Qxd3 c6 12. Nbc3 Re8 13. Ng3 g6 14. f4 f5 15. d5 c5 16. Rab1 Nd7 17. Rfe1 Nf6 18. h3 Bf8 19. Bd2 Bd7 20. Kh2 a6 21. b4 Rxe1 22. Bxe1 Qc7 23. Bf2 Rc8 24. b5 axb5 25. Nxb5 Qa5 26. Qc2 Ra8 27. Nc3 Qa6 28. Qb3 Rb8 29. Nf1 Bh6 30. g3 Re8 31. Nd2 Bc8 32. Re1 Rxe1 33. Bxe1 Bd7 34. Kg2 Bg7 35. Kh2 Ne8 36. Ndb1 Nc7 37. Na3 Kf7 38. Nab5 Bxb5 39. cxb5 Qa5 40. a4 Qb4 41. Qxb4 cxb4 42. b6 Na6 43. Nb1 Bd4 44. a5 b3 45. Kg2 Bc5 46. Kf3 Ke7 47. Ke2 b2 48. Kd3 Kd8 49. Kc4 h5 50. Kb3 h4 51. g4 Kd7 52. gxf5 gxf5 53. Bxh4 Bb4 54. Bf6 Bxa5 55. h4 Ke8 56. h5 Kf7 57. Bxb2 Bxb6 58. Ba3 Bc5 59. Kc4 Kg7 60. Bxc5 Nxc5 61. Nc3 Kh6 62. Nb5 Ne4 63. Nd4 Kxh5 64. Nxf5 Kg4 65. Nxd6 Nxd6+ 66. Kc5 Nc8 67. d6 Nxd6 68. Kxd6 Kxf4 69. Kc5 b5 70. Kxb5 Ke5 1/2-1/2

[Event "2nd Irena Warakomska Memorial-A"]
[Site "Suwalki"]
[Date "2018.08.06"]
[Round "7"]
[White "Socko, Bartosz"]
[Black "Lewtak, Damian"]
[Result "1-0"]
[ECO "A16"]
[WhiteElo "2588"]
[BlackElo "2369"]
[Annotator "ChessBase"]
[PlyCount "89"]
[EventDate "2018.08.01"]
[EventType "swiss"]
[EventCountry "POL"]
[SourceTitle "playchess.com"]
[Source "ChessBase"]
[SourceQuality "1"]
[TimeControl "40/5400+30:1800+30"]

1. c4 Nf6 2. Nc3 g6 3. g3 Bg7 4. Bg2 O-O 5. e4 d6 6. Nge2 c5 7. O-O Nc6 8. d3 Ne8 9. Be3 Nc7 10. d4 cxd4 11. Nxd4 Nxd4 12. Bxd4 Bg4 13. f3 Bxd4+ 14. Qxd4 Bd7 15. f4 b5 16. e5 Ne6 17. Qe3 Rb8 18. f5 gxf5 19. exd6 exd6 20. Rxf5 Ng7 21. Rf2 bxc4 22. Qxa7 Be6 23. Rd1 f5 24. Qd4 f4 25. gxf4 Nf5 26. Qe4 Qf6 27. Qxe6+ Qxe6 28. Bd5 Kf7 29. Re2 Qxd5 30. Rxd5 Kf6 31. Kf2 Kg6 32. Ne4 Rb6 33. Kf3 h5 34. Rg2+ Kh6 35. Rg5 Ng7 36. Rxd6+ Rxd6 37. Nxd6 Ra8 38. Nxc4 Rxa2 39. Rb5 Ra1 40. Rb6+ Kh7 41. Ne3 Ne8 42. b4 Kg7 43. Nf5+ Kf8 44. b5 Nc7 45. Rb8+ 1-0

[Event "2nd Irena Warakomska Memorial-A"]
[Site "Suwalki"]
[Date "2018.08.06"]
[Round "7"]
[White "Sadzikowski, Daniel"]
[Black "Szostko, Jakub"]
[Result "1-0"]
[ECO "C95"]
[WhiteElo "2575"]
[BlackElo "2299"]
[Annotator "ChessBase"]
[PlyCount "115"]
[EventDate "2018.08.01"]
[EventType "swiss"]
[EventCountry "POL"]
[SourceTitle "playchess.com"]
[Source "ChessBase"]
[SourceQuality "1"]
[TimeControl "40/5400+30:1800+30"]

1. e4 e5 2. Nf3 Nc6 3. Bb5 a6 4. Ba4 Nf6 5. O-O Be7 6. Re1 b5 7. Bb3 d6 8. c3 O-O 9. h3 Nb8 10. d4 Nbd7 11. Bc2 Bb7 12. Nbd2 Re8 13. a4 Bf8 14. Bd3 c6 15. Qc2 Qc7 16. b3 g6 17. Bb2 Nh5 18. Bf1 Rac8 19. c4 bxc4 20. bxc4 exd4 21. Bxd4 c5 22. Bb2 Rb8 23. Nh2 Bc6 24. Bc3 Nf4 25. Ng4 Ne6 26. Nf3 h5 27. Ne3 Nd4 28. Nxd4 cxd4 29. Bxd4 Rxe4 30. Bc3 Nc5 31. a5 Ree8 32. Red1 Be4 33. Qe2 Bc6 34. Qa2 Ne4 35. Bd4 Bg7 36. Bxg7 Kxg7 37. Qa3 Re5 38. Bd3 Nc5 39. Bc2 Qe7 40. Qc3 Kg8 41. Qd4 Re6 42. Rab1 Qc7 43. Rxb8+ Qxb8 44. Rb1 Qc7 45. f4 Re8 46. Nd5 Bxd5 47. Qxd5 Kg7 48. Qd4+ Kh7 49. f5 Re2 50. Qf6 Rxc2 51. fxg6+ fxg6 52. Re1 Ne4 53. Rxe4 Rc1+ 54. Kf2 Rc2+ 55. Kf1 Kh6 56. g4 hxg4 57. Qh4+ Kg7 58. Re7+ 1-0

[Event "2nd Irena Warakomska Memorial-A"]
[Site "Suwalki"]
[Date "2018.08.06"]
[Round "7"]
[White "Markowski, Tomasz"]
[Black "Punin, Andrii"]
[Result "1/2-1/2"]
[ECO "A36"]
[WhiteElo "2562"]
[BlackElo "2339"]
[Annotator "RC"]
[PlyCount "59"]
[EventDate "2018.08.01"]
[EventType "swiss"]
[EventCountry "POL"]
[SourceTitle "playchess.com"]
[Source "ChessBase"]
[SourceQuality "1"]
[TimeControl "40/5400+30:1800+30"]

1. c4 c5 2. g3 Nc6 3. Bg2 g6 4. Nc3 Bg7 5. Rb1 e6 6. a3 Nge7 7. b4 cxb4 8. axb4 O-O 9. b5 Na5 10. c5 Rb8 11. Qa4 b6 12. Ba3 Bb7 13. Nf3 Rc8 14. Bb4 Bxf3 15. Bxf3 Nc4 16. cxb6 axb6 17. Qa2 d5 18. Nd1 Re8 19. O-O Nf5 20. e3 Qd7 21. d3 Ncd6 22. Be2 Nxb5 23. d4 Nbd6 24. Bxd6 Qxd6 25. Qb3 Rb8 26. Nc3 Rec8 27. Ba6 Rc6 28. Bb5 Rcc8 29. Ba6 Rc6 30. Bb5 1/2-1/2

[Event "2nd Irena Warakomska Memorial-A"]
[Site "Suwalki"]
[Date "2018.08.06"]
[Round "7"]
[White "Czarnota, Pawel"]
[Black "Godzwon, Iwo"]
[Result "1/2-1/2"]
[ECO "B27"]
[WhiteElo "2548"]
[BlackElo "2222"]
[Annotator "RC"]
[PlyCount "44"]
[EventDate "2018.08.01"]
[EventType "swiss"]
[EventCountry "POL"]
[SourceTitle "playchess.com"]
[Source "ChessBase"]
[SourceQuality "1"]
[TimeControl "40/5400+30:1800+30"]

1. e4 c5 2. Nf3 g6 3. d4 cxd4 4. Qxd4 Nf6 5. e5 Nc6 6. Qa4 Nd5 7. Qe4 Nb6 8. Bf4 Bg7 9. Nc3 d5 10. exd6 Bf5 11. Qe3 O-O 12. O-O-O exd6 13. Rxd6 Qc8 14. Qc5 Nd7 15. Qa3 Re8 16. Rd1 Nb6 17. Be3 Bf8 18. Bc5 Bxc2 19. Kxc2 Qf5+ 20. Bd3 Qxc5 21. Qxc5 Bxc5 22. Rhf1 Nb4+ 1/2-1/2

[Event "2nd Irena Warakomska Memorial-A"]
[Site "Suwalki"]
[Date "2018.08.06"]
[Round "7"]
[White "Kanarek, Marcel"]
[Black "Sliwicki, Damian"]
[Result "1-0"]
[ECO "B76"]
[WhiteElo "2518"]
[BlackElo "2220"]
[Annotator "RC"]
[PlyCount "83"]
[EventDate "2018.08.01"]
[EventType "swiss"]
[EventCountry "POL"]
[SourceTitle "playchess.com"]
[Source "ChessBase"]
[SourceQuality "1"]
[TimeControl "40/5400+30:1800+30"]

1. e4 c5 2. Nf3 d6 3. d4 Nf6 4. Nc3 cxd4 5. Nxd4 g6 6. Be3 Bg7 7. f3 O-O 8. Qd2 Nc6 9. O-O-O Nxd4 10. Bxd4 Be6 11. Kb1 Qc7 12. h4 h5 13. g4 Rac8 14. Nb5 Qd7 15. gxh5 Nxh5 16. Rg1 Bc4 17. Bxg7 Nxg7 18. Bxc4 Rxc4 19. Nd4 Rfc8 20. c3 R4c5 21. f4 e6 22. f5 exf5 23. h5 fxe4 24. hxg6 f6 25. Rh1 Rg5 26. Rh6 Qg4 27. Rdh1 Rxg6 28. R6h4 Qd7 29. Rxe4 Re8 30. Reh4 Kf7 31. Qd3 d5 32. Rh7 Qg4 33. Nf5 Qg2 34. Nd6+ Ke6 35. Nxe8 Nxe8 36. Re1+ Kd6 37. Rxe8 Rg3 38. Qd1 Rf3 39. Rd8+ Ke5 40. Qxd5+ Kf4 41. Rh4+ Kg3 42. Rg8+ 1-0

[Event "2nd Irena Warakomska Memorial-A"]
[Site "Suwalki"]
[Date "2018.08.06"]
[Round "7"]
[White "Shtembuliak, Evgeny"]
[Black "Fus, Jakub"]
[Result "1-0"]
[ECO "A13"]
[WhiteElo "2518"]
[BlackElo "2210"]
[Annotator "ChessBase"]
[PlyCount "71"]
[EventDate "2018.08.01"]
[EventType "swiss"]
[EventCountry "POL"]
[SourceTitle "playchess.com"]
[Source "ChessBase"]
[SourceQuality "1"]
[TimeControl "40/5400+30:1800+30"]

1. c4 e6 2. Nc3 Bb4 3. Qb3 Ba5 4. Nf3 Nf6 5. g4 h6 6. Rg1 Nc6 7. h4 d5 8. g5 hxg5 9. hxg5 dxc4 10. Qxc4 Nd5 11. g6 f6 12. a3 Nxc3 13. dxc3 Qd5 14. Qa4 Bd7 15. Qc2 Qf5 16. Qxf5 exf5 17. Bf4 O-O-O 18. e3 Rde8 19. Bc4 Ne5 20. Bxe5 fxe5 21. Bf7 Re7 22. O-O-O Bc6 23. Ng5 f4 24. exf4 exf4 25. Ne6 Bb6 26. Rd2 Rd7 27. Rgd1 Rxd2 28. Rxd2 Rh1+ 29. Rd1 Bxf2 30. Rxh1 Be3+ 31. Kd1 Bxh1 32. Nxg7 f3 33. Nf5 f2 34. Nxe3 Bf3+ 35. Kd2 Bh5 36. Be6+ 1-0

[Event "2nd Irena Warakomska Memorial-A"]
[Site "Suwalki"]
[Date "2018.08.06"]
[Round "7"]
[White "Venkataraman, Karthik"]
[Black "Stupak, Kirill"]
[Result "1/2-1/2"]
[ECO "B12"]
[WhiteElo "2501"]
[BlackElo "2573"]
[Annotator "ChessBase"]
[PlyCount "81"]
[EventDate "2018.08.01"]
[EventType "swiss"]
[EventCountry "POL"]
[SourceTitle "playchess.com"]
[Source "ChessBase"]
[SourceQuality "1"]
[TimeControl "40/5400+30:1800+30"]

1. e4 c6 2. d4 d5 3. e5 c5 4. dxc5 Nc6 5. f4 e6 6. Be3 d4 7. Bf2 Bxc5 8. Nd2 Nge7 9. Bd3 Nd5 10. Qf3 Qa5 11. a3 Ncb4 12. Rc1 Nxd3+ 13. Qxd3 Qa4 14. Ne2 b6 15. Qe4 Rb8 16. Bxd4 Bxd4 17. Nxd4 Bb7 18. c4 Ne7 19. Qe2 O-O 20. O-O Rfd8 21. N2f3 Rd7 22. Rfd1 Rbd8 23. Rd2 h6 24. Rcd1 Nf5 25. Kf2 Nxd4 26. Nxd4 Ba6 27. Nf3 Bxc4 28. Qe4 Rxd2+ 29. Rxd2 Rc8 30. Qb7 Rf8 31. Qe4 Qa6 32. Nd4 Rd8 33. Qe3 Qb7 34. f5 Qe7 35. Kg1 Qh4 36. Nf3 Qe7 37. Rxd8+ Qxd8 38. Qd4 Bd5 39. f6 Qc7 40. fxg7 Kxg7 41. Qg4+ 1/2-1/2

[Event "2nd Irena Warakomska Memorial-A"]
[Site "Suwalki"]
[Date "2018.08.06"]
[Round "7"]
[White "Caspi, Israel"]
[Black "Warakomski, Tomasz"]
[Result "1-0"]
[ECO "B43"]
[WhiteElo "2454"]
[BlackElo "2512"]
[Annotator "ChessBase"]
[PlyCount "63"]
[EventDate "2018.08.01"]
[EventType "swiss"]
[EventCountry "POL"]
[SourceTitle "playchess.com"]
[Source "ChessBase"]
[SourceQuality "1"]
[TimeControl "40/5400+30:1800+30"]

1. e4 c5 2. Nf3 e6 3. d4 cxd4 4. Nxd4 a6 5. Nc3 b5 6. Bd3 Qb6 7. Nf3 Qc7 8. O-O Bb7 9. Re1 Be7 10. Bd2 Nc6 11. Qe2 d6 12. a4 b4 13. Na2 a5 14. c3 bxc3 15. Nxc3 Nf6 16. Rac1 O-O 17. Nb5 Qb8 18. Nfd4 Nxd4 19. Nxd4 d5 20. exd5 Bxd5 21. Bb5 Ne4 22. Be3 Bd6 23. g3 Bb4 24. Red1 Nf6 25. Bc6 Qe5 26. Bxa8 Rxa8 27. f3 g5 28. Nc6 Qf5 29. Rf1 g4 30. fxg4 Qg6 31. Bd4 Nxg4 32. Ne5 1-0

[Event "2nd Irena Warakomska Memorial-A"]
[Site "Suwalki"]
[Date "2018.08.06"]
[Round "7"]
[White "Kashlinskaya, Alina"]
[Black "Sliwicka, Alicja"]
[Result "1/2-1/2"]
[ECO "D35"]
[WhiteElo "2435"]
[BlackElo "2293"]
[Annotator "NA"]
[PlyCount "81"]
[EventDate "2018.08.01"]
[EventType "swiss"]
[EventCountry "POL"]
[SourceTitle "playchess.com"]
[Source "ChessBase"]
[SourceQuality "1"]
[TimeControl "40/5400+30:1800+30"]

1. d4 Nf6 2. c4 e6 3. Nc3 d5 4. cxd5 exd5 5. Bg5 Bb4 6. e3 h6 7. Bxf6 Qxf6 8. Qa4+ Nc6 9. Nf3 O-O 10. Be2 Be6 11. O-O Bxc3 12. bxc3 g5 13. c4 Ne7 14. Rab1 b6 15. Rbc1 dxc4 16. Bxc4 c6 17. Bxe6 Qxe6 18. Rc3 f6 19. Rfc1 Kg7 20. e4 Rfe8 21. Re3 Red8 22. h3 Qd7 23. Qa3 Rac8 24. e5 f5 25. e6 Qc7 26. Ne5 Rd5 27. Qb3 Qd6 28. Qd1 Rxd4 29. Qb3 Qb4 30. Qxb4 Rxb4 31. Rd1 Nd5 32. Ree1 Kf6 33. e7 Re4 34. Nxc6 Rxe1+ 35. Rxe1 Re8 36. Rd1 Nxe7 37. Rd6+ Kf7 38. Nxa7 Ra8 39. Nc6 Nxc6 40. Rxc6 Rxa2 41. Rxb6 1/2-1/2

[Event "2nd Irena Warakomska Memorial-A"]
[Site "Suwalki"]
[Date "2018.08.06"]
[Round "7"]
[White "Cukrowski, Filip"]
[Black "Dzhuguryan, Tygran"]
[Result "1/2-1/2"]
[ECO "B12"]
[WhiteElo "2404"]
[BlackElo "2178"]
[Annotator "NA"]
[PlyCount "73"]
[EventDate "2018.08.01"]
[EventType "swiss"]
[EventCountry "POL"]
[SourceTitle "playchess.com"]
[Source "ChessBase"]
[SourceQuality "1"]
[TimeControl "40/5400+30:1800+30"]

1. e4 c6 2. d4 g6 3. Nf3 Bg7 4. c3 Nf6 5. Nbd2 O-O 6. Bd3 d6 7. O-O Nbd7 8. Qe2 Nh5 9. Nc4 b5 10. Na3 e5 11. d5 $17 (11. Rd1 $11 {keeps the balance.}) 11... cxd5 12. Bxb5 dxe4 13. Qxe4 Rb8 14. Bg5 Ndf6 15. Qe3 Qc7 16. Rad1 h6 17. Bxf6 Nxf6 18. h3 Be6 19. c4 a6 20. Bxa6 Rxb2 21. Rb1 Rxb1 22. Rxb1 Ra8 23. Bb5 Nd7 24. Bxd7 Qxd7 25. Rb6 Bf8 26. Nd2 d5 27. c5 Qa4 28. Nb5 Qd1+ 29. Kh2 Bxc5 30. Qxc5 Qxd2 31. Nc7 Rc8 32. Rc6 Rf8 33. Nxe6 fxe6 34. Rxe6 Qxf2 35. Qxf2 Rxf2 36. Rxe5 Rxa2 37. Rxd5 1/2-1/2

[Event "2nd Irena Warakomska Memorial-A"]
[Site "Suwalki"]
[Date "2018.08.06"]
[Round "7"]
[White "Rahul, Srivatshav P"]
[Black "Mulet, Piotr"]
[Result "1-0"]
[ECO "D85"]
[WhiteElo "2388"]
[BlackElo "2238"]
[Annotator "NA"]
[PlyCount "73"]
[EventDate "2018.08.01"]
[EventType "swiss"]
[EventCountry "POL"]
[SourceTitle "playchess.com"]
[Source "ChessBase"]
[SourceQuality "1"]
[TimeControl "40/5400+30:1800+30"]

1. d4 Nf6 2. c4 g6 3. Nc3 d5 4. cxd5 Nxd5 5. e4 Nxc3 6. bxc3 Bg7 7. Nf3 c5 8. Be3 Qa5 9. Qd2 Nc6 10. Rb1 a6 11. Rc1 f5 12. e5 b5 13. Be2 Bb7 14. O-O cxd4 15. cxd4 Qxd2 16. Bxd2 Rd8 17. Bc3 O-O 18. a4 b4 19. Bb2 h6 20. Rc5 Kh7 21. Rfc1 e6 22. Rxc6 Bxc6 23. Rxc6 Rc8 24. Rxc8 Rxc8 25. Bd3 b3 26. Kf1 Bf8 27. Nd2 Bb4 28. Nxb3 a5 29. Ke2 Rb8 30. Bc4 Rb6 31. Kd3 g5 32. Bc3 Kg6 33. Bxb4 Rxb4 34. Bxe6 Rxa4 35. d5 Re4 36. d6 Rxe5 37. d7 1-0

[Event "2nd Irena Warakomska Memorial-A"]
[Site "Suwalki"]
[Date "2018.08.06"]
[Round "7"]
[White "Roy, Prantik"]
[Black "Bukojemski, Adam"]
[Result "1-0"]
[ECO "A40"]
[WhiteElo "2377"]
[BlackElo "2233"]
[Annotator "NA"]
[PlyCount "103"]
[EventDate "2018.08.01"]
[EventType "swiss"]
[EventCountry "POL"]
[SourceTitle "playchess.com"]
[Source "ChessBase"]
[SourceQuality "1"]
[TimeControl "40/5400+30:1800+30"]

1. d4 e6 2. e4 c5 3. d5 d6 4. c4 exd5 5. exd5 g6 6. Bd3 Bg7 7. Ne2 Ne7 8. O-O O-O 9. Nbc3 Nd7 10. f4 f5 11. Qc2 Nf6 12. Bd2 Kh8 13. Kh1 Bd7 14. a4 b6 15. Ng1 a6 16. Nf3 b5 17. cxb5 Nexd5 18. Nxd5 Nxd5 19. bxa6 Qb6 20. Bc4 Nc7 21. Bc3 d5 22. a5 Qd6 23. Bxg7+ Kxg7 24. Rad1 Be6 25. Qc3+ Rf6 26. Ne5 Nxa6 27. Bxa6 Rxa6 28. Rc1 c4 29. Rfd1 Qb8 30. Ra1 h6 31. Re1 Qd8 32. Nf3 d4 33. Nxd4 Bd5 34. Nc2 Qa8 35. Ne3 Be4 36. Qxc4 Qb8 37. Red1 Ra7 38. Qd4 Rb7 39. a6 Ra7 40. b4 Kf7 41. b5 g5 42. Nc4 gxf4 43. b6 Re7 44. Nd6+ Rxd6 45. Qxd6 Qg8 46. Ra2 f3 47. Qg3 fxg2+ 48. Kg1 Qc8 49. b7 Qc5+ 50. Qf2 Qb5 51. Rb2 Rd7 52. Re1 1-0